 Dungeon Crawl Stone Soup version 0.29-b1-12-g9e2288ab2a (webtiles) character file.

Game seed: 14981023043296956541

37 worthlessgem the Scratcher (level 3, 0/22 HPs)
             Began as a Felid Transmuter on Aug 24, 2022.
             Slain by Sigmund
             ... wielding a +6 scythe of venom
              (5 damage)
             ... on level 2 of the Dungeon.
             The game lasted 00:04:25 (1577 turns).

worthlessgem the Scratcher (Felid Transmuter)       Turns: 1577, Time: 00:04:25

Health: 0/22       AC: 21    Str:  8    XL:     3   Next: 23%
Magic:  7/7        EV:  4    Int: 14    God:
Gold:   15         SH:  0    Dex: 16    Spells: 3/6 levels left
                                        Lives:  0   Deaths: 0

rFire   . . .      SeeInvis +     - Unarmed
rCold   . . .      Faith    .   (shield unavailable)
rNeg    . . .      Spirit   .   (body armour unavailable)
rPois   +          Reflect  .   (helmet unavailable)
rElec   .          Harm     .   (cloak unavailable)
rCorr   .          Rampage  .   (gloves unavailable)
Will    .....      NoTele   +   (boots unavailable)
Stlth   +.........              (no amulet)
HPRegen 0.07/turn               (no ring)
MPRegen 0.10/turn               (no ring)

@: lethally poisoned (0 -> -13), tree-form
A: stationary, stasis, torment immunity, boosted hp, very small, (claws 1),
(fangs 3), see invisible, (speed 1), (shaggy fur 1), (stealthy paws), no weapons
or thrown items, no armour, multi-lived
a: no special abilities


You were on level 2 of the Dungeon.
You were a tree.
You visited 1 branch of the dungeon, and saw 2 of its levels.

You collected 15 gold pieces.

Inventory:

Scrolls
 b - a scroll of fear {unknown}
 c - a scroll of magic mapping {unknown}
 d - a scroll of butterflies {unknown}
 f - a scroll of teleportation {unknown}
 i - a scroll of identify {unknown}
 k - a scroll of vulnerability {unknown}
 l - a scroll of poison {unknown}
Potions
 a - a potion of lignification
 e - a potion of flight {unknown}
 g - a potion of heal wounds {unknown}
 h - 2 potions of might {unknown}
 j - a potion of mutation {unknown}


   Skills:
 - Level 1.0 Fighting
 - Level 2.6 Dodging
 + Level 4.1 Unarmed Combat
 - Level 2.0 Spellcasting
 * Level 2.6 Transmutations


You had 3 spell levels left.
You knew the following spells:

 Your Spells              Type           Power      Damage    Failure   Level
a - Beastly Appendage     Tmut           16%        N/A       8%          1
b - Wereblood             Tmut           8%         N/A       12%         2

Your spell library contained the following spells:

 Spells                   Type           Power      Damage    Failure   Level
 Spider Form              Tmut/Pois      5%         N/A       38%         3
 Ice Form                 Ice/Tmut       5%         N/A       80%         4


Dungeon Overview and Level Annotations

Branches:
Dungeon (2/15)

Altars:

Annotations:
D:2 Sigmund, Terence


Innate Abilities, Weirdness & Mutations

You are a tree.
Your roots penetrate the ground, keeping you stationary.
You cannot be teleported.
You are immune to unholy pain and torment.
Your maximum health is greatly increased.
((You have sharp claws.))
((You have razor-sharp teeth.))
You have supernaturally acute eyesight. (SInv)
((You cover ground quickly. (Speed+)))
((You are covered in fur. (AC +1)))
((Your paws help you pounce on unaware monsters.))
You are incapable of wielding weapons or throwing items.
You cannot wear armour.
You gain extra lives every three experience levels.


Message History

You smack the worm!
You kill the worm!
You feel sick.
You start resting.
You feel sick.
You are no longer poisoned.
You start resting.
Magic restored.
You start resting.
Your transformation is almost over.
You feel less wooden.
You start resting.
An adder comes into view.
You see here a wand of quicksilver (12).
You see here a +0 club.
You see here a +0 dagger.
You start resting.
HP restored.
Terence the Incautious comes into view.
He is wielding a +0 flail.
Press: ? - help, v - describe, . - travel
Here: Terence, wielding a +0 flail and wearing a +0 scale mail (asleep)
The floor.
Adjust (i)tems, (s)pells, or (a)bilities?
Okay, then.
Unknown command.
Press: ? - help, v - describe, . - travel
Here: Terence, wielding a +0 flail and wearing a +0 scale mail (asleep)
The floor.
Placed new exclusion.
Sigmund the Dreaded comes into view.
He is wielding a +6 scythe of venom.
Sigmund shouts!
Sigmund hits you from afar with a +6 scythe of venom!
Ouch! That really hurt!
You are lethally poisoned!
Really quaff the potion of lignification? [Y]es or [N]o only, please.
Really quaff the potion of lignification?
You turn into a tree.
Your roots penetrate the ground.
* * * LOW HITPOINT WARNING * * *
You feel very sick.
Sigmund hits you from afar with a +6 scythe of venom.
You die...

#.##.####.# #.##.#
#.# #....# #.#
#..### #.# #..# #.#
# #..# #.# #.
#..######>#
#..#######......##.#
#...♣...###.###.##.#
#...###.....# #.##.#
......@ #.#####
#.##.# ######. #.#
#.##.## #. ..#
#.##... .. #...
#.##.## ..
.####.####.##.# ..#.
.........#.# ..
##.####..#.#


You could see Sigmund.

Vanquished Creatures
  An adder (D:2)
  A worm (D:2)
  A dart slug (D:2)
  2 ball pythons (D:1)
  A giant cockroach (D:2)
  A hobgoblin (D:1)
  5 kobolds
  4 bats (D:1)
  2 frilled lizards (D:1)
  2 goblins (D:1)
  4 rats
24 creatures vanquished.

Notes
Turn   | Place    | Note
-------+----------+-------------------------------------------
     0 | D:1      | worthlessgem the Felid Transmuter began the quest for the
                  | Orb.
     0 | D:1      | Reached XP level 1. HP: 9/9 MP: 4/4
   244 | D:1      | Reached XP level 2. HP: 9/12 MP: 6/6
   247 | D:1      | Learned a level 2 spell: Wereblood
  1277 | D:2      | Reached skill level 4 in Unarmed Combat
  1327 | D:2      | Reached XP level 3. HP: 12/15 MP: 5/7
  1537 | D:2      | Noticed Terence
  1576 | D:2      | Noticed Sigmund
  1577 | D:2      | Slain by Sigmund

Illustrated notes

Levels and vault maps discovered:
D:1:      co_arrival_square_in_a_square_in_a_square, layout_basic
D:2:      layout_loops_ring, uniq_jessica, uniq_terence, uniq_sigmund

Skill      XL: |  1  2 |
---------------+-------+-----
Unarmed Combat | 4 |  4.1
Fighting       | |  1.0
Dodging        | |  2.6
Spellcasting   | |  2.0
Transmutations | |  2.6

Action                   || total
-------------------------++-------
Melee: Unarmed           ||    61
       Bite              ||     7
       Headbutt          ||     6
       Punch             ||     2
 Cast: Beastly Appendage ||     8
  Use: Potion            ||     2
 Stab: Sleeping          ||     3
Armor: Skin              ||     7
Dodge: Dodged            ||    52
